| TOP OF THE 1ST |
|
California Angels batting - Pitching for Houston Astros : RHP Moises Hernandez Jr.
|
|
Pitching: RHP Moises Hernandez Jr.
|
|
|
Batting: LHB Rusty Ney
|
0-0: Ground out U3 (Groundball, 3S, EV 63.8 MPH)
|
|
Batting: RHB Nick Dunn
|
0-0: Ball 1-0: SINGLE (Line Drive, 4MD, EV 94.4 MPH)
|
|
Batting: RHB Preston Deakyne
|
0-0: Swinging Strike 0-1: Fly out, F7 (Flyball, 7LS, EV 83.8 MPH)
|
|
Batting: LHB Mark Reeg
|
0-0: Ball 1-0: Called Strike 1-1: Ball 2-1: Fly out, F7 (Line Drive, 7S, EV 93.8 MPH)
|
| Top of the 1st over - 0 runs, 1 hit, 0 errors, 1 left on base; California 0 - Houston 0 |
| BOTTOM OF THE 1ST |
|
Houston Astros batting - Pitching for California Angels : RHP Erick Vazquez
|
|
Pitching: RHP Erick Vazquez
|
|
|
Batting: LHB Josh Corkery
|
0-0: Called Strike 0-1: Ball 1-1: Ball 2-1: Ball 3-1: Called Strike 3-2: Fly out, F8 (Flyball, 89D, EV 86.9 MPH)
|
|
Batting: RHB Jeremy Trump
|
0-0: Ball 1-0: Called Strike 1-1: Ball 2-1: Foul Ball, location: 2F 2-2: DOUBLE (Line Drive, 89XD, EV 101.2 MPH)
|
|
Batting: LHB Jack Christie
|
0-0: Called Strike 0-1: Foul Ball, location: 2F 0-2: Ball 1-2: Ball 2-2: Fly out, F8 (Flyball, 8LS, EV 83.1 MPH)
|
|
Batting: LHB Bryce Hill
|
0-0: Fly out, F8 (Flyball, 8RXD, EV 98.1 MPH)
|
| Bottom of the 1st over - 0 runs, 1 hit, 0 errors, 1 left on base; California 0 - Houston 0 |
| TOP OF THE 2ND |
|
California Angels batting - Pitching for Houston Astros : RHP Moises Hernandez Jr.
|
|
Batting: RHB Alain Delhaye
|
0-0: Ball 1-0: Fly out, F6 (Line Drive, 6, EV 67.5 MPH)
|
|
Batting: LHB Jonathon Walton
|
0-0: Ball 1-0: Foul Ball, location: 2F 1-1: Ground out 5-3 (Groundball, 56, EV 90.0 MPH)
|
|
Batting: RHB Bjoern Waltersson
|
0-0: Ball 1-0: Ball 2-0: Ball 3-0: Base on Balls
|
|
Batting: LHB Javier Trujillo
|
0-0: Ground out 4-3 (Groundball, 34S, EV 82.5 MPH)
|
| Top of the 2nd over - 0 runs, 0 hits, 0 errors, 1 left on base; California 0 - Houston 0 |
| BOTTOM OF THE 2ND |
|
Houston Astros batting - Pitching for California Angels : RHP Erick Vazquez
|
|
Batting: SHB Joe Gardner
|
0-0: Foul Ball, location: 2F 0-1: Called Strike 0-2: Foul Ball, location: 2F 0-2: Foul Ball, location: 2F 0-2: Ball 1-2: Ball 2-2: Ball 3-2: Foul Ball, location: 2F 3-2: SINGLE (Groundball, 4MD, EV 106.9 MPH)
|
|
Batting: LHB Mark Dearth
|
0-0: Ball 1-0: Called Strike 1-1: Fly out, F3 (Line Drive, 3L, EV 69.4 MPH) Lined into DP, U3 (Line Drive, 3L, EV 68.1 MPH)
|
|
Batting: RHB Eric Chotkowski
|
0-0: Ball 1-0: Ball 2-0: Fly out, F9 (Line Drive, 9S, EV 96.9 MPH)
|
| Bottom of the 2nd over - 0 runs, 1 hit, 0 errors, 0 left on base; California 0 - Houston 0 |
| TOP OF THE 3RD |
|
California Angels batting - Pitching for Houston Astros : RHP Moises Hernandez Jr.
|
|
Batting: RHB Avery Maxwell
|
0-0: Called Strike 0-1: Fly out, F8 (Flyball, 8RXD, EV 105.0 MPH)
|
|
Batting: LHB Rusty Ney
|
0-0: Ball 1-0: Foul Ball, location: 2F 1-1: Ball 2-1: Ball 3-1: Fly out, F8 (Flyball, 8RXD, EV 95.0 MPH)
|
|
Batting: RHB Nick Dunn
|
0-0: Ball 1-0: Ball 2-0: Called Strike 2-1: Ball 3-1: Base on Balls
|
|
Batting: RHB Preston Deakyne
|
0-0: Called Strike 0-1: Called Strike Nick Dunn steals 2nd base 0-2: Ball 1-2: Ball 2-2: Foul Ball, location: 2F 2-2: Foul Ball, location: 2F 2-2: Foul Ball, location: 2F 2-2: Ball 3-2: Ground out 6-3 (Groundball, 6, EV 85.0 MPH)
|
| Top of the 3rd over - 0 runs, 0 hits, 0 errors, 1 left on base; California 0 - Houston 0 |
| BOTTOM OF THE 3RD |
|
Houston Astros batting - Pitching for California Angels : RHP Erick Vazquez
|
|
Batting: RHB Mark Marks
|
0-0: Called Strike 0-1: Foul Ball, location: 2F 0-2: Foul Ball, location: 2F 0-2: Ball 1-2: SINGLE (Groundball, 6MD, EV 96.9 MPH)
|
|
Batting: LHB Danny Wolver
|
0-0: Called Strike 0-1: Ball 1-1: Ball 2-1: Foul Ball, location: 2F 2-2: Strikes out looking
|
|
Batting: LHB Josh Corkery
|
0-0: Foul Ball, location: 2F 0-1: Called Strike 0-2: Fielders Choice at 2nd, 5-4 (Groundball, 56, EV 96.9 MPH)
|
|
Batting: RHB Jeremy Trump
|
0-0: Ball 1-0: Called Strike 1-1: Ball 2-1: Ball 3-1: SINGLE (Line Drive, 6D, EV 103.1 MPH) Josh Corkery to second Runner from 2nd tries for 3rd, SAFE, throw by LF made to third
|
|
Batting: LHB Jack Christie
|
0-0: Foul Ball, location: 2F 0-1: Fly out, F8 (Flyball, 8RXD, EV 103.8 MPH)
|
| Bottom of the 3rd over - 0 runs, 2 hits, 0 errors, 2 left on base; California 0 - Houston 0 |
| TOP OF THE 4TH |
|
California Angels batting - Pitching for Houston Astros : RHP Moises Hernandez Jr.
|
|
Batting: LHB Mark Reeg
|
0-0: Ball 1-0: Foul Ball, location: 2F 1-1: Swinging Strike 1-2: Strikes out swinging
|
|
Batting: RHB Alain Delhaye
|
0-0: Swinging Strike 0-1: Foul Ball, location: 2F 0-2: Ball 1-2: Foul Ball, location: 2F 1-2: Fly out, F2 (Popup, 23F, EV 85.6 MPH)
|
|
Batting: LHB Jonathon Walton
|
0-0: Foul Ball, location: 2F 0-1: Ball 1-1: Ball 2-1: Ball 3-1: Swinging Strike 3-2: Foul Ball, location: 2F 3-2: Strikes out swinging
|
| Top of the 4th over - 0 runs, 0 hits, 0 errors, 0 left on base; California 0 - Houston 0 |
| BOTTOM OF THE 4TH |
|
Houston Astros batting - Pitching for California Angels : RHP Erick Vazquez
|
|
Batting: LHB Bryce Hill
|
0-0: SINGLE (Groundball, 4S, EV 64.4 MPH) (infield hit)
|
|
Batting: SHB Joe Gardner
|
0-0: Ball 1-0: Fielders Choice at 2nd, 1-6 (Groundball, 13S, EV 69.4 MPH)
|
|
Batting: LHB Mark Dearth
|
0-0: Foul Ball, location: 2F 0-1: Ball Joe Gardner is caught stealing 2nd base 2-6 1-1: Foul Ball, location: 2F 1-2: Strikes out swinging
|
| Bottom of the 4th over - 0 runs, 1 hit, 0 errors, 0 left on base; California 0 - Houston 0 |
| TOP OF THE 5TH |
|
California Angels batting - Pitching for Houston Astros : RHP Moises Hernandez Jr.
|
|
Batting: RHB Bjoern Waltersson
|
0-0: Called Strike 0-1: Ball 1-1: Ball 2-1: Foul Ball, location: 2F 2-2: Strikes out looking
|
|
Batting: LHB Javier Trujillo
|
0-0: Ball 1-0: Ball 2-0: Called Strike 2-1: Fly out, F7 (Flyball, 78D, EV 97.5 MPH)
|
|
Batting: RHB Avery Maxwell
|
0-0: Ball 1-0: Fly out, F7 (Line Drive, 78M, EV 90.0 MPH)
|
| Top of the 5th over - 0 runs, 0 hits, 0 errors, 0 left on base; California 0 - Houston 0 |
| BOTTOM OF THE 5TH |
|
Houston Astros batting - Pitching for California Angels : RHP Erick Vazquez
|
|
Batting: RHB Eric Chotkowski
|
0-0: Called Strike 0-1: Called Strike 0-2: Foul Ball, location: 2F 0-2: Hit by Pitch
|
|
Batting: RHB Mark Marks
|
0-0: Ball 1-0: SINGLE (Groundball, 5L, EV 96.2 MPH) Eric Chotkowski to second
|
|
Batting: LHB Danny Wolver
|
0-0: Fly out, F9 (Flyball, 9, EV 90.6 MPH)
|
|
Batting: LHB Josh Corkery
|
0-0: Called Strike 0-1: Called Strike 0-2: Strikes out swinging
|
|
Batting: RHB Jeremy Trump
|
0-0: Called Strike 0-1: Ball 1-1: Ball 2-1: Ball 3-1: Fielders Choice at 2nd, 5-4 (Groundball, 56, EV 80.6 MPH)
|
| Bottom of the 5th over - 0 runs, 1 hit, 0 errors, 2 left on base; California 0 - Houston 0 |
| TOP OF THE 6TH |
|
California Angels batting - Pitching for Houston Astros : RHP Moises Hernandez Jr.
|
|
Batting: LHB Rusty Ney
|
0-0: Called Strike 0-1: Swinging Strike 0-2: Ball 1-2: Ball 2-2: Strikes out swinging
|
|
Batting: RHB Nick Dunn
|
0-0: Called Strike 0-1: Foul Ball, location: 2F 0-2: Ball 1-2: Ball 2-2: Ball 3-2: Foul Ball, location: 2F 3-2: Fly out, F9 (Flyball, 9LD, EV 96.2 MPH)
|
|
Batting: RHB Preston Deakyne
|
0-0: Ball 1-0: Called Strike 1-1: Ball 2-1: Foul Ball, location: 2F 2-2: Ball 3-2: Foul Ball, location: 2F 3-2: Foul Ball, location: 2F 3-2: Foul Ball, location: 2F 3-2: Foul Ball, location: 2F 3-2: Strikes out swinging, 2-3 out at first.
|
| Top of the 6th over - 0 runs, 0 hits, 0 errors, 0 left on base; California 0 - Houston 0 |
| BOTTOM OF THE 6TH |
|
Houston Astros batting - Pitching for California Angels : RHP Erick Vazquez
|
|
Batting: LHB Jack Christie
|
0-0: Called Strike 0-1: Foul Ball, location: 2F 0-2: Ball 1-2: Fly out, F3 (Line Drive, 34, EV 62.5 MPH)
|
|
Batting: LHB Bryce Hill
|
0-0: Ball 1-0: Foul Ball, location: 2F 1-1: Ball 2-1: Fly out, F8 (Flyball, 78XD, EV 105.6 MPH)
|
|
Batting: SHB Joe Gardner
|
0-0: Ball 1-0: Ball 2-0: Fly out, F9 (Flyball, 9, EV 86.9 MPH)
|
| Bottom of the 6th over - 0 runs, 0 hits, 0 errors, 0 left on base; California 0 - Houston 0 |
| TOP OF THE 7TH |
|
California Angels batting - Pitching for Houston Astros : RHP Moises Hernandez Jr.
|
|
Batting: LHB Mark Reeg
|
0-0: Ground out 5-3 (Groundball, 56, EV 106.9 MPH)
|
|
Batting: RHB Alain Delhaye
|
0-0: Called Strike 0-1: Ball 1-1: SOLO HOME RUN (Flyball, 7D, EV 98.1 MPH), Distance : 392 ft
|
|
Batting: LHB Jonathon Walton
|
0-0: Ball 1-0: Ball 2-0: Fly out, F7 (Flyball, 7LD, EV 94.4 MPH)
|
|
Batting: RHB Bjoern Waltersson
|
0-0: Ball 1-0: SINGLE (Line Drive, 4MD, EV 97.5 MPH)
|
|
Batting: LHB Javier Trujillo
|
0-0: Ball 1-0: Called Strike 1-1: Foul Ball, location: 2F 1-2: Strikes out swinging
|
| Top of the 7th over - 1 run, 2 hits, 0 errors, 1 left on base; California 1 - Houston 0 |
| BOTTOM OF THE 7TH |
|
Houston Astros batting - Pitching for California Angels : RHP Erick Vazquez
|
|
Pitching: RHP Bryan Banana
|
|
|
Batting: LHB Mark Dearth
|
0-0: Fly out, F8 (Line Drive, 8LM, EV 93.8 MPH)
|
|
Batting: RHB Eric Chotkowski
|
0-0: Called Strike 0-1: Ball 1-1: Ground out 4-3 (Groundball, 4, EV 95.0 MPH)
|
|
Batting: RHB Mark Marks
|
0-0: Foul Ball, location: 2F 0-1: Ball 1-1: Called Strike 1-2: Ball 2-2: Ball 3-2: Foul Ball, location: 2F 3-2: Strikes out swinging
|
| Bottom of the 7th over - 0 runs, 0 hits, 0 errors, 0 left on base; California 1 - Houston 0 |
| TOP OF THE 8TH |
|
California Angels batting - Pitching for Houston Astros : RHP Moises Hernandez Jr.
|
|
Batting: RHB Avery Maxwell
|
0-0: DOUBLE (Groundball, 5L, EV 103.1 MPH)
|
|
Batting: LHB Rusty Ney
|
0-0: Intentional Walk
|
|
Batting: RHB Nick Dunn
|
0-0: Fly out, F7 (Flyball, 78S, EV 85.6 MPH)
|
|
Batting: RHB Preston Deakyne
|
0-0: Called Strike 0-1: Ball 1-1: Ball 2-1: Called Strike 2-2: Ball 3-2: Base on Balls Avery Maxwell to third Rusty Ney to second
|
|
Pitching: RHP Josh Sandoval
|
|
|
Batting: LHB Mark Reeg
|
0-0: Called Strike 0-1: Ball 1-1: Ball 2-1: Foul Ball, location: 2F 2-2: Strikes out swinging
|
|
Batting: RHB Alain Delhaye
|
0-0: Called Strike 0-1: Ball 1-1: Fly out, F7 (Line Drive, 7D, EV 111.9 MPH)
|
| Top of the 8th over - 0 runs, 1 hit, 0 errors, 3 left on base; California 1 - Houston 0 |
| BOTTOM OF THE 8TH |
|
Houston Astros batting - Pitching for California Angels : RHP Bryan Banana
|
|
Pitching: RHP Danny White
|
|
|
Batting: LHB Danny Wolver
|
0-0: Ball 1-0: Called Strike 1-1: Ball 2-1: Foul Ball, location: 2F 2-2: Ball 3-2: Strikes out looking
|
|
Batting: LHB Josh Corkery
|
0-0: Ground out 5-3 (Groundball, 5L, EV 98.8 MPH)
|
|
Batting: RHB Jeremy Trump
|
0-0: SINGLE (Groundball, 56S, EV 65.6 MPH) (infield hit)
|
|
Batting: LHB Jack Christie
|
0-0: Ball 1-0: Foul Ball, location: 2F 1-1: Called Strike 1-2: Ball 2-2: Strikes out swinging
|
| Bottom of the 8th over - 0 runs, 1 hit, 0 errors, 1 left on base; California 1 - Houston 0 |
| TOP OF THE 9TH |
|
California Angels batting - Pitching for Houston Astros : RHP Josh Sandoval
|
|
Batting: LHB Jonathon Walton
|
0-0: Called Strike 0-1: Swinging Strike 0-2: Strikes out swinging
|
|
Batting: RHB Bjoern Waltersson
|
0-0: Called Strike 0-1: Ball 1-1: Called Strike 1-2: Strikes out swinging
|
|
Batting: LHB Javier Trujillo
|
0-0: Swinging Strike 0-1: Swinging Strike 0-2: Ball 1-2: Strikes out looking
|
| Top of the 9th over - 0 runs, 0 hits, 0 errors, 0 left on base; California 1 - Houston 0 |
| BOTTOM OF THE 9TH |
|
Houston Astros batting - Pitching for California Angels : RHP Danny White
|
|
Pitching: LHP George Poirier
|
|
|
Batting: LHB Bryce Hill
|
0-0: Foul Ball, location: 2F 0-1: Ball 1-1: Ball 2-1: SINGLE (Groundball, 4S, EV 71.9 MPH) (infield hit)
|
|
Batting: SHB Joe Gardner
|
0-0: Called Strike 0-1: Called Strike 0-2: Strikes out swinging
|
|
Batting: LHB Mark Dearth
|
0-0: SINGLE (Groundball, 3D, EV 108.8 MPH) Bryce Hill to second Runner from 2nd tries for 3rd, SAFE, throw by RF made to third
|
|
Batting: RHB Eric Chotkowski
|
0-0: SINGLE (Line Drive, 34D, EV 106.2 MPH) Bryce Hill scores Mark Dearth to second
|
|
Batting: RHB Mark Marks
|
0-0: Fly out, F6 (Popup, 4M, EV 64.4 MPH)
|
|
Batting: LHB Danny Wolver
|
0-0: Foul Ball, location: 2F 0-1: Swinging Strike 0-2: Foul Ball, location: 2F 0-2: Strikes out looking
|
| Bottom of the 9th over - 1 run, 3 hits, 0 errors, 2 left on base; California 1 - Houston 1 |
| TOP OF THE 10TH |
|
California Angels batting - Pitching for Houston Astros : RHP Josh Sandoval
|
|
Pinch Hitting: LHB Micah Miller
|
0-0: Ball 1-0: Ball 2-0: Called Strike 2-1: Swinging Strike 2-2: Strikes out swinging
|
|
Batting: LHB Rusty Ney
|
0-0: Called Strike 0-1: Ground out 2-3 (Groundball, 2L, EV 73.8 MPH)
|
|
Batting: RHB Nick Dunn
|
0-0: Ball 1-0: Fly out, F7 (Flyball, 7D, EV 93.1 MPH)
|
| Top of the 10th over - 0 runs, 0 hits, 0 errors, 0 left on base; California 1 - Houston 1 |
| BOTTOM OF THE 10TH |
|
Houston Astros batting - Pitching for California Angels : LHP George Poirier
|
|
Pitching: LHP Keith Pratt
|
|
|
Now at C: Ryuji Ito
|
|
|
Batting: LHB Josh Corkery
|
0-0: Ball 1-0: Ball 2-0: Called Strike 2-1: SINGLE (Line Drive, 34D, EV 95.0 MPH)
|
|
Batting: RHB Jeremy Trump
|
0-0: Ball 1-0: Ball 2-0: Called Strike 2-1: DOUBLE (Line Drive, 5D, EV 99.4 MPH) Josh Corkery to third Runner from 3rd tries for Home, throw by LF and OUT! 7-6-2
|
|
Batting: LHB Jack Christie
|
0-0: Swinging Strike 0-1: Fly out, F7 (Line Drive, 7S, EV 90.6 MPH)
|
|
Batting: LHB Bryce Hill
|
0-0: Ball 1-0: Ball 2-0: Swinging Strike 2-1: Swinging Strike 2-2: Foul Ball, location: 2F 2-2: Strikes out looking
|
| Bottom of the 10th over - 0 runs, 2 hits, 0 errors, 1 left on base; California 1 - Houston 1 |
| TOP OF THE 11TH |
|
California Angels batting - Pitching for Houston Astros : RHP Josh Sandoval
|
|
Batting: RHB Preston Deakyne
|
0-0: Called Strike 0-1: Foul Ball, location: 2F 0-2: Strikes out swinging
|
|
Batting: LHB Mark Reeg
|
0-0: Ball 1-0: SOLO HOME RUN (Line Drive, 78XD, EV 115.6 MPH), Distance : 457 ft
|
|
Batting: RHB Alain Delhaye
|
0-0: Called Strike 0-1: Ball 1-1: Foul Ball, location: 2F 1-2: Ball 2-2: Hit by Pitch
|
|
Batting: LHB Jonathon Walton
|
0-0: Ball 1-0: 2-RUN HOME RUN (Flyball, 9D, EV 97.5 MPH), Distance : 396 ft
|
|
Pitching: RHP Aaron Shapiro
|
|
|
Batting: RHB Bjoern Waltersson
|
0-0: Ball 1-0: Fly out, F8 (Flyball, 8RM, EV 92.5 MPH)
|
|
Batting: LHB Javier Trujillo
|
0-0: Ball 1-0: Swinging Strike 1-1: Called Strike 1-2: Ball 2-2: Ball 3-2: SINGLE (Line Drive, 56D, EV 98.8 MPH)
|
|
Batting: RHB Ryuji Ito
|
0-0: Ball 1-0: Called Strike 1-1: Foul Ball, location: 2F 1-2: Ball 2-2: Strikes out swinging
|
| Top of the 11th over - 3 runs, 3 hits, 0 errors, 1 left on base; California 4 - Houston 1 |
| BOTTOM OF THE 11TH |
|
Houston Astros batting - Pitching for California Angels : LHP Keith Pratt
|
|
Batting: SHB Joe Gardner
|
0-0: Called Strike 0-1: Called Strike 0-2: Strikes out swinging
|
|
Batting: LHB Mark Dearth
|
0-0: Ball 1-0: Ground out 4-3 (Groundball, 4, EV 85.6 MPH)
|
|
Batting: RHB Eric Chotkowski
|
0-0: Ball 1-0: Swinging Strike 1-1: Foul Ball, location: 2F 1-2: Strikes out swinging
|
| Bottom of the 11th over - 0 runs, 0 hits, 0 errors, 0 left on base; California 4 - Houston 1 |
|